 Dungeon Crawl Stone Soup version 0.29-a0-11-ga75d3d97ab (webtiles) character file.

Game seed: 17594252144929194622

75 issech the Cudgeller (level 4, -3/44 HPs)
             Began as a Troll Monk on Jan 29, 2022.
             Slain by Grinder (6 damage)
             ... while paralysed by Grinder
             ... on level 2 of the Dungeon.
             The game lasted 00:04:50 (1418 turns).

issech the Cudgeller (Troll Monk)                   Turns: 1418, Time: 00:04:52

Health: -3/44      AC:  5    Str: 19    XL:     4   Next: 11%
Magic:  3/3        EV:  1    Int:  6    God:
Gold:   115        SH:  0    Dex: 14    Spells: 3/3 levels left

rFire   . . .      SeeInvis .   a - +0 mace
rCold   . . .      Faith    .   (no shield)
rNeg    . . .      Spirit   .   b - +0 robe
rPois   .          Reflect  .   (helmet restricted)
rElec   .          Harm     .   p - +0 cloak
rCorr   .          Rampage  .   (gloves unavailable)
Will    .....                   (boots unavailable)
Stlth   ++........              (no amulet)
HPRegen 0.94/turn               (no ring)
MPRegen 0.08/turn               (no ring)

@: paralysed
A: large, unfitting armour, claws 3, regeneration 1, shaggy fur 1, tough skin 1
a: no special abilities


You were on level 2 of the Dungeon.
You visited 1 branch of the dungeon, and saw 3 of its levels.

You collected 115 gold pieces.

Inventory:

Hand Weapons
 a - a +0 mace (weapon)
 i - a +2 dagger of speed
Missiles
 e - 18 sling bullets
 g - 55 stones (quivered)
 j - 8 bolts
Armour
 b - a +0 robe (worn)
 p - a +0 cloak (worn)
Wands
 n - a wand of digging (5)
Scrolls
 c - a scroll of immolation
 d - a scroll of fog
 h - a scroll of summoning {unknown}
 m - a scroll of amnesia
Potions
 f - a potion of heal wounds {unknown}
 k - 3 potions of invisibility {unknown}
 l - a potion of degeneration {unknown}
 o - a potion of might {unknown}


   Skills:
 + Level 2.9 Fighting
 + Level 3.5 Maces & Flails
 + Level 2.9 Dodging
 + Level 1.3 Stealth


You had 3 spell levels left.
You didn't know any spells.
Your spell library contained the following spells:

 Spells                   Type           Power      Damage    Failure   Level
 Call Canine Familiar     Summ           0%         N/A       83%         3
 Portal Projectile        Hex/Tloc       0%         N/A       83%         3
 Leda's Liquefaction      Hex/Erth       0%         N/A       99%         4


Dungeon Overview and Level Annotations

Branches:
Dungeon (3/15)

Altars:

Annotations:
D:2 Grinder


Innate Abilities, Weirdness & Mutations

You are too large for most types of armour.
You have claws for hands.
Your natural rate of healing is unusually fast.
You are covered in fur. (AC +1)
You have tough skin. (AC +1)


Message History

Grinder hits you.
You hit Grinder.
Grinder is lightly wounded.
Grinder hits you!
You writhe in agony.
You hit Grinder.
Grinder is lightly wounded.
Grinder hits you but does no damage.
You hit Grinder but do no damage.
Grinder is lightly wounded.
Grinder blinks!
Grinder hits you.
There is a stone staircase leading up here.
Grinder gestures at you.
You barely resist.
You climb upwards.
There is a stone staircase leading down here.
You hit Grinder.
Grinder is moderately wounded.
Grinder hits you.
You completely miss Grinder.
Grinder is moderately wounded.
Grinder completely misses you.
You completely miss Grinder.
Grinder is moderately wounded.
Grinder hits you.
You writhe in agony.
You closely miss Grinder.
Grinder is moderately wounded.
Grinder hits you but does no damage.
You closely miss Grinder.
Grinder is moderately wounded.
Grinder hits you.
You writhe in agony.
* * * LOW HITPOINT WARNING * * *
Grinder gestures at you.
You suddenly lose the ability to move!
Grinder hits you.
* * * LOW HITPOINT WARNING * * *
Grinder rolls her eyes.
Grinder hits you!
* * * LOW HITPOINT WARNING * * *
You writhe in agony.
You die...

...........#.#.##.# #.#
...#............#.# #.#
............#.#.#.#####.######
.........†...................#
............#...####.##.######
............##..## #.##.#
+#..........##...###.##.#
.....................##.#
........####.##.@##..##.#
................5.......#
.............###.##..####
.....................#
#............######..#
#............# #..#
.............######..#
..................#..#
........#..###.......#


You could see Grinder.

Vanquished Creatures
  A bullfrog skeleton (D:2)
  3 dart slugs (D:2)
  5 bats
  4 endoplasms (D:1)
  3 giant cockroaches
  6 goblins
  4 hobgoblins
  2 jackals (D:1)
  3 kobolds
  3 frilled lizards
  4 rats
38 creatures vanquished.

Notes
Turn   | Place    | Note
-------+----------+-------------------------------------------
     0 | D:1      | issech the Troll Monk began the quest for the Orb.
     0 | D:1      | Reached XP level 1. HP: 22/22 MP: 0/0
   104 | D:1      | Reached XP level 2. HP: 29/29 MP: 1/1
   388 | D:1      | Reached skill level 3 in Maces & Flails
   538 | D:1      | Reached XP level 3. HP: 33/36 MP: 2/2
   716 | D:2      | Found a faded altar of an unknown god.
  1151 | D:2      | Reached XP level 4. HP: 34/44 MP: 3/3
  1399 | D:3      | Noticed Grinder
  1416 | D:2      | Paralysed by Grinder for 5 turns
  1418 | D:2      | Slain by Grinder

Illustrated notes

Levels and vault maps discovered:
D:1:      dpeg_arrival_round_a, layout_rooms
D:2:      layout_basic, ebering_ecumenical_altar_sacrificial
D:3:      layout_rooms, mainiacjoe_overflow_small_starburst, uniq_grinder

Skill      XL: |  1  2 |
---------------+-------+-----
Maces & Flails | 3 |  3.5
Fighting       | |  2.9
Dodging        | |  2.9
Stealth        | |  1.3

Action                   |  1- 3 |  4- 6 || total
-------------------------+-------+-------++-------
Melee: Mace              |    99 |    15 ||   114
       Punch             |     1 |       ||     1
  Use: Scroll            |     3 |       ||     3
Armor: Robe              |    39 |     6 ||    45
Dodge: Dodged            |    56 |     6 ||    62

Table legend: (Time is in decaauts)
 A = Elapsed time spent in this place.
 B = Non-inter-level travel time spent in this place.
 C = Inter-level travel time spent in this place.
 D = Time resting spent in this place.
 E = Time spent auto-exploring this place.
 F = Levels seen in this place.
 G = Mean time per level.
                   A        B        C        D        E       F      G
               +--------+--------+--------+--------+--------+-----+--------+
         Total |   1446 |   1408 |     38 |      0 |    554 |   3 |  482.0 |
       Dungeon |   1446 |   1408 |     38 |      0 |    554 |   3 |  482.0 |
               +--------+--------+--------+--------+--------+-----+--------+

Top non-repeatable levels by time:
     D:2: 723 daAuts
     D:1: 710 daAuts
     D:3: 12 daAuts
